 Dungeon Crawl Stone Soup version 0.27.1-33-g824d729ab1 (webtiles) character file.

Game seed: 5568391531881377813

1626 zeram the Thaumaturge (level 8, -6/41 HPs)
             Began as a Deep Elf Conjurer on Dec 7, 2021.
             Mangled by a troll (9 damage)
             ... on level 5 of the Dungeon.
             The game lasted 00:14:12 (5634 turns).

zeram the Thaumaturge (Deep Elf Conjurer)           Turns: 5634, Time: 00:14:13

Health: -6/41      AC:  4    Str:  4    XL:     8   Next: 65%
Magic:  16/23      EV: 13    Int: 26    God:
Gold:   223        SH:  0    Dex: 13    Spells: 12/26 levels left

rFire    . . .     SeeInvis .   h - +4 dagger (drain)
rCold    . . .     Faith    .   (no shield)
rNeg     . . .     Spirit   .   a - +1 robe
rPois    +         Reflect  .   (no helmet)
rElec    .         Harm     .   (no cloak)
rCorr    .         Rampage  .   k - +0 pair of gloves
Will     .....                  (no boots)
Stlth    ++........             (no amulet)
HPRegen  0.13/turn              b - ring of wizardry
MPRegen  0.18/turn              o - ring of poison resistance

@: no status effects
A: no striking features
a: no special abilities


You were on level 5 of the Dungeon.
You visited 1 branch of the dungeon, and saw 5 of its levels.

You collected 223 gold pieces.

Inventory:

Hand Weapons
 e - a +0 short sword
 h - a +4 dagger of draining (weapon)
 j - the +3 rapier of the Unkillable {flame, rElec MP-9 Str+3}
   (You found it on level 4 of the Dungeon)

   It burns those it strikes, dealing additional fire damage.
   Str:       It affects your strength (+3).
   rElec:     It insulates you from electricity.
   MP:        It affects your magic capacity (-9).
Armour
 a - a +1 robe (worn)
 k - a +0 pair of gloves (worn)
Jewellery
 b - a ring of wizardry (left hand)
 o - a ring of poison resistance (right hand)
Wands
 g - a wand of mindburst (10)
Potions
 c - 3 potions of brilliance
 d - a potion of flight
 f - 2 potions of cancellation
 i - 2 potions of degeneration
 l - 2 potions of lignification {unknown}
 m - a potion of berserk rage {unknown}
 n - 2 potions of ambrosia
 p - a potion of haste {unknown}
 q - a potion of heal wounds {unknown}
 s - 2 potions of curing {unknown}


   Skills:
 + Level 4.5 Dodging
 - Level 2.4 Stealth
 + Level 9.9 Spellcasting
 + Level 9.4 Conjurations


You had 12 spell levels left.
You knew the following spells:

 Your Spells              Type           Power      Damage    Failure   Level
a - Magic Dart            Conj           100%       1d8       1%          1
b - Searing Ray           Conj           100%       3d7       1%          2
c - Dazzling Flash        Conj/Hex       74%        N/A       1%          3
d - Iskenderun's Mystic   Conj/Tloc      37%        2d9       2%          4
e - Hailstorm             Conj/Ice       37%        3d9       2%          4

Your spell library contained the following spells:

 Spells                   Type           Power      Damage    Failure   Level
 Animate Skeleton         Necr           24%        N/A       1%          1
 Apportation              Tloc           24%        N/A       1%          1
 Corona                   Hex            13%        N/A       1%          1
 Pain                     Necr           48%        1d6       1%          1
 Sandblast                Erth           24%        2d8       1%          1
 Summon Small Mammal      Summ           48%        N/A       1%          1
 Passwall                 Tmut/Erth      10%        N/A       2%          2
 Fulminant Prism          Conj/Hex       18%        3d11      2%          4
 Ice Form                 Ice/Tmut       12%        N/A       19%         4
 Lee's Rapid Deconstruct  Erth           6%         3d7*      45%         5
 Simulacrum               Ice/Necr       6%         N/A       94%         6
 Death's Door             Necr           6%         N/A       100%        9


Dungeon Overview and Level Annotations

Branches:
Dungeon (5/15)
 Temple: D:4-7

Altars:
Dithmenos
Elyvilon
Makhleb
Okawaru
Qazlal
Vehumet


Message History

You kill the dart slug!
The searing ray hits the troll!
The troll is moderately wounded. (Press . to maintain the ray.)
The adder hisses angrily.
The searing ray hits the orc!
You kill the orc!
The searing ray misses the troll.
The searing ray hits the adder!
You kill the adder!
The troll barely misses you. The troll claws you but does no damage.
The troll barely misses you.
The searing ray hits the troll!
The troll is heavily wounded.
You finish channeling your searing ray.
The troll bites you! The troll claws you!
The troll claws you but does no damage.
Casting: Searing Ray (safe; 1% risk of failure)
Confirm with . or Enter, or press ? or * to list all spells.
Aiming: Searing Ray (safe; 1% risk of failure)
Press: ? - help, Shift-Dir - straight line, f - troll
Aim: a troll (heavily wounded, 83% to hit)
The searing ray hits the troll!
The troll is severely wounded. (Press . to maintain the ray.)
The troll closely misses you. The troll claws you.
* * * LOW HITPOINT WARNING * * *
The troll barely misses you.
You aren't carrying any scrolls.
Okay, then.
Casting: Searing Ray (safe; 1% risk of failure)
Confirm with . or Enter, or press ? or * to list all spells.
Aiming: Searing Ray (safe; 1% risk of failure)
Press: ? - help, Shift-Dir - straight line, f/p - troll
Aim: a troll (heavily wounded, 83% to hit)
The searing ray hits the troll.
The troll is severely wounded. (Press . to maintain the ray.)
The troll bites you.
* * * LOW HITPOINT WARNING * * *
The troll claws you!
You die...

############# #....
#.....#.....#
#.....#.....#..@..#
#..#..#..#..#.T#..#
##$.#..#.)#..#..#).#
....#.o...#.....#..#
....#.....#....(#..#
#################..#
.......)...........#
...................#
#################..#


You could see a troll.

Vanquished Creatures
  A komodo dragon (D:5)
  A sky beast (D:5)
  2 black bears
  2 ogres
  4 scorpions
  A water moccasin skeleton (D:5)
  3 hounds
  An orc priest (D:3)
  A centaur skeleton (D:4)
  A gnoll shaman (D:5)
  2 iguanas (D:5)
  4 orc wizards
  10 gnolls (D:5)
  9 adders
  A white imp (D:5)
  An adder zombie (D:5)
  4 worms
  3 dart slugs
  24 orcs
  4 endoplasms
  3 giant cockroaches
  9 goblins
  2 hobgoblins
  3 jackals
  2 quokkas
  4 ball pythons
  5 bats
  6 frilled lizards
  7 kobolds
  6 rats
126 creatures vanquished.

Vanquished Creatures (others)
  2 fungi (D:1)
2 creatures vanquished.

Grand Total: 128 creatures vanquished

Notes
Turn   | Place    | Note
-------+----------+-------------------------------------------
     0 | D:1      | zeram the Deep Elf Conjurer began the quest for the Orb.
     0 | D:1      | Reached XP level 1. HP: 10/10 MP: 6/6
   161 | D:1      | Reached XP level 2. HP: 15/15 MP: 2/8
   597 | D:1      | Found a faded altar of an unknown god.
   726 | D:2      | Reached skill level 5 in Conjurations
   872 | D:1      | Learned a level 2 spell: Searing Ray
  1077 | D:2      | Reached XP level 3. HP: 18/19 MP: 4/9
  1305 | D:2      | Learned a level 3 spell: Dazzling Flash
  1363 | D:2      | Noticed a scorpion
  1371 | D:2      | Killed a scorpion
  1372 | D:2      | Reached XP level 4. HP: 23/24 MP: 1/11
  1377 | D:2      | Learned a level 4 spell: Iskenderun's Mystic Blast
  2088 | D:3      | Found a shadowy altar of Dithmenos.
  2266 | D:3      | Reached XP level 5. HP: 28/28 MP: 4/13
  2877 | D:3      | Found a burning altar of Makhleb.
  2877 | D:3      | Noticed a balrug
  2880 | D:3      | Noticed a smoke demon
  2880 | D:3      | Noticed a smoke demon
  3039 | D:4      | Noticed a black bear
  3043 | D:4      | Killed a black bear
  3044 | D:4      | Reached XP level 6. HP: 32/32 MP: 9/15
  3049 | D:4      | Learned a level 4 spell: Hailstorm
  3132 | D:4      | Identified the +3 rapier of the Unkillable {flame, rElec
                  | MP-9 Str+3}
  3181 | D:4      | Reached skill level 5 in Spellcasting
  3331 | D:4      | Found a white marble altar of Elyvilon.
  3521 | D:4      | Reached XP level 7. HP: 27/36 MP: 6/18
  3822 | D:4      | Found a stormy altar of Qazlal.
  4108 | D:5      | Entered Level 5 of the Dungeon
  4423 | D:5      | Found a radiant altar of Vehumet.
  4435 | D:5      | Got Reczaf's Almanac of Dark Secrets and Cold
  4475 | D:5      | Found an iron altar of Okawaru.
  4853 | D:5      | Noticed a komodo dragon
  4859 | D:5      | Killed a komodo dragon
  4860 | D:5      | Reached XP level 8. HP: 20/41 MP: 13/22
  5598 | D:5      | Noticed a troll
  5598 | D:5      | Identified the +1 plate armour "Etuq" {rF++ Int+4}
  5634 | D:5      | Mangled by a troll

Illustrated notes

Levels and vault maps discovered:
D:1:      eino_arrival_druids_welcome, layout_rooms,
          shapermc_ecumenical_altar_petra, minmay_misc_feat_roman
D:2:      layout_basic, minmay_misc_feat_cross, minmay_split_cup_small
D:3:      cheibrodos_pilgrimage, layout_rooms,
          grunt_dithmenos_smoke_and_mirrors, makhleb_altar_promises_db,
          kennysheep_boxes
D:4:      black_bear_nest_2, layout_gridville, kennysheep_mini_moat,
          elyvilon_altar_5
D:5:      kennysheep_windowed_halls, layout_loops_ring,
          mainiacjoe_overflow_24_doors, vehumet_crystals, minmay_holes

Skill      XL: |  1  2  3  4  5  6  7  8 |
---------------+-------------------------+-----
Conjurations   | 5 6 7 8 9 |  9.4
Dodging        | 3 4 |  4.5
Spellcasting   | 4 6 8 9 |  9.9
Stealth        | |  2.4

Action                   |  1- 3 |  4- 6 |  7- 9 || total
-------------------------+-------+-------+-------++-------
Melee: Unarmed           |     3 |       |       ||     3
       Short sword       |    18 |       |       ||    18
       Dagger            |     6 |     2 |     8 ||    16
 Cast: Magic Dart        |    48 |    52 |    34 ||   134
       Searing Ray       |     3 |    22 |    32 ||    57
       Dazzling Flash    |       |       |     1 ||     1
  Use: Scroll            |     2 |     4 |     7 ||    13
Armor: Robe              |     2 |     2 |     6 ||    10
Dodge: Dodged            |    15 |    10 |    26 ||    51
